[Event "fics rated crazyhouse match"]
[Site "fics, Oklahoma City, OK USA"]
[Date "2000.03.08"]
[White "LordPixel"]
[WhiteElo "2410"]
[Black "Eyefor"]
[BlackElo "2422"]
[TimeControl "0+1"]
[Result "1-0"]

1. e4 Nf6 2. e5 Nd5 3. d4 Nc6 4. Bc4 e6 5. Bxd5 exd5 6. N@g5 
B@a5+ 7. Kf1 Be7 8. Nxf7 Kxf7 9. Qf3+ Kg8 10. P@f7+ Kf8 11. Qxd5 N@b6 
12. Qe4 Kxf7 13. Qf4+ Ke8 14. P@f7+ Kf8 15. Nf3 Nb4 16. Ne1 P@g5 17. Qf5 
d6 18. e6 Nc4 19. Na3 Nxa3 20. bxa3 Nc6 21. N@b3 N@c4 22. d5 Bxe1 
23. Kxe1 N@h4 24. Qe4 N6e5 25. B@b5 Nb6 26. Nd4 Nbc4 27. Bxc4 Nxc4 28. N@c3 
B@g6 29. Nf5 Bxf5 30. Qxc4 Bxc2 31. N@e3 N@d3+ 32. Kd2 Nxf2 33. Kxc2 P@d3+ 
34. Kb2 P@f4 35. g3 fxe3 36. gxh4 N@c2 37. N@b4 Bxe6 38. Nxc2 Bxf7 39. Bxe3 
dxc2 40. Kxc2 Bg6+ 41. P@e4 P@d3+ 42. Kc1 P@b2+ 43. Kxb2 N@e5 44. N@e6+ Kg8 
45. Qb3 Qc8 46. Bxf2 Bxe4 47. Nxe4 P@g2 48. Rhc1 c6 49. hxg5 Qd7 50. Kb1 
cxd5 51. Qxd5 P@f7 52. Nc7 Bxg5 53. Nxa8 P@c2+ 54. Rxc2 dxc2+ 55. Kxc2 R@e2+ 
56. Kb1 Rxf2 57. R@b8+ B@c8 58. Nxf2 g1=Q+ 59. N@d1 Qxh2 60. R@c7 Qxc7 61. Nxc7 
R@c1+ 62. Kb2 Qxf2+ 63. Nxf2 Nc4+ 64. Qxc4 P@c3+ 65. Kb3 N@a5+ 66. Ka4 b5+ 
67. Qxb5 Rxa1 68. Q@f8# 
{Eyefor forfeits on time} 1-0

[Event "fics rated crazyhouse match"]
[Site "fics, Oklahoma City, OK USA"]
[Date "2000.03.08"]
[White "Eyefor"]
[WhiteElo "2414"]
[Black "LordPixel"]
[BlackElo "2418"]
[TimeControl "0+1"]
[Result "0-1"]

1. e4 e6 2. d4 d5 3. exd5 exd5 4. Bb5+ Nc6 5. Qe2+ Qe7 6. Bf4 
Qxe2+ 7. Nxe2 Bb4+ 8. Nbc3 Ba5 9. P@a6 Bxc3+ 10. Nxc3 N@b4 11. Bxc6+ bxc6 
12. Q@a4 Q@e7+ 13. N@e5 P@h3 14. Nxd5 Nxc2+ 15. Qxc2 B@a5+ 16. P@c3 hxg2 17. Nxe7 
gxh1=Q+ 18. Kd2 Qxa1 19. N7xc6 P@e3+ 20. Bxe3 Bxc3+ 21. bxc3 R@d1+ 22. Qxd1 Qxd1+ 
23. Kxd1 Q@f1+ 24. Kc2 R@e2+ 25. P@d2 Bf5+ 26. P@d3 Rxe3 27. dxe3 Qxf2+ 28. R@d2 
P@e2 29. P@e7 Nxe7 30. Nxe7 B@a4+ 31. B@b3 Bxb3+ 32. Kxb3 Kxe7 33. N@c5 Ke8 
34. Q@c6+ Kf8 35. Qxa8+ N@e8 36. Rxe2 Qxe2 37. Nxf7 R@b2+ 38. Kc4 B@b5+ 39. Kd5 
Kxf7 40. P@d7 Nf6+ 41. Ke5 P@d6+ 42. Kxf5 Qg4# 
{Eyefor checkmated} 0-1

[Event "fics rated crazyhouse match"]
[Site "fics, Oklahoma City, OK USA"]
[Date "2000.03.08"]
[White "LordPixel"]
[WhiteElo "2426"]
[Black "Eyefor"]
[BlackElo "2406"]
[TimeControl "0+1"]
[Result "0-1"]

1. e4 Nf6 2. Nc3 d5 3. exd5 Nxd5 4. Nf3 e6 5. d4 Nxc3 6. bxc3 
N@e4 7. P@b2 Nxf2 8. Kxf2 P@e4 9. Ng5 Qf6+ 10. Ke2 P@f5 11. N@e5 Be7 
12. N@b5 Na6 13. Nexf7 O-O 14. P@e5 Qg6 15. Nxc7 Nxc7 16. P@d6 Rxf7 17. Nxf7 
Qxf7 18. dxe7 Qxe7 19. B@d6 Qd8 20. Bxc7 Qxc7 21. R@e8+ N@f8 22. Ke1 B@h4+ 
23. N@g3 N@g4 24. Rxf8+ Kxf8 25. N@d6 P@f2+ 26. Ke2 N@g1+ 27. Rxg1 fxg1=Q 28. N@h3 
R@f2+ 29. Ke1 Rxf1+ 30. Ke2 Qxg2+ 31. Nf2 Qxf2# 
{LordPixel checkmated} 0-1

[Event "fics rated crazyhouse match"]
[Site "fics, Oklahoma City, OK USA"]
[Date "2000.03.08"]
[White "LordPixel"]
[WhiteElo "2425"]
[Black "Eyefor"]
[BlackElo "2397"]
[TimeControl "0+1"]
[Result "0-1"]

1. e4 Nf6 2. Nc3 d5 3. exd5 Nxd5 4. Nf3 e6 5. d4 Nxc3 6. bxc3 
N@e4 7. P@b2 Nxf2 8. Kxf2 P@e4 9. Bb5+ P@c6 10. Bg5 f6 11. Ne5 fxg5 
12. Bxc6+ Nxc6 13. Qh5+ B@g6 14. P@f7+ Ke7 15. Qxg5+ B@f6 16. Qxf6+ gxf6 17. B@c5+ 
Q@d6 18. Bxd6+ cxd6 19. N@g8+ Rxg8 20. Nxc6+ bxc6 21. fxg8=Q e3+ 22. Ke2 N@f4+ 
23. Kxe3 B@f7 24. Qh8 N@c4+ 25. Kf2 Bxc2 26. R@h4 Nd3+ 27. Ke2 Ndxb2 28. N@b4 
P@d3+ 29. Kf2 P@b7 30. Nxc6+ bxc6 31. P@g7 Bxg7 32. Qxg7 P@e3+ 33. Kf1 e2+ 
34. Ke1 d2+ 35. Kxe2 N@f5 36. Qg4 Nxh4 37. Qxh4 R@e4+ 38. Qxe4 Bxe4 39. Kf1 
Ne3+ 40. Ke2 Nxg2 41. N@g3 Bd3+ 42. Kxd2 P@c2 43. N@b4 P@e3+ 44. Kc1 Kd7 
45. Kxb2 Rb8 46. Kc1 Rxb4 47. cxb4 N@c3 48. N@b8+ Kc7 49. Q@a5+ Kb7 50. Qxa7+ 
Kxa7 51. Nxc6+ Kb6 52. R@a6+ Bdxa6 53. B@a5+ Kxc6 54. P@b5+ Bxb5 55. R@c5+ dxc5 
56. Bxd8 R@b1+ 57. Rxb1 cxb1=Q# 
{LordPixel checkmated} 0-1

[Event "fics rated crazyhouse match"]
[Site "fics, Oklahoma City, OK USA"]
[Date "2000.03.08"]
[White "Eyefor"]
[WhiteElo "2406"]
[Black "LordPixel"]
[BlackElo "2416"]
[TimeControl "0+1"]
[Result "1-0"]

1. e4 Nf6 2. e5 Nd5 3. d4 Nc6 4. Nf3 e6 5. Bd2 Bb4 6. Bxb4 
Ncxb4 7. a3 Nc6 8. B@g5 B@e7 9. Bxe7 Ncxe7 10. B@h5 B@a5+ 11. Nbd2 g6 
12. Bg4 h5 13. Bh3 Nf4 14. Ng5 Nc6 15. Nxf7 Kxf7 16. P@e3 Nxh3 17. Qf3+ 
B@f5 18. gxh3 Bxd2+ 19. Kxd2 N@e4+ 20. Ke1 N@d2 21. Qe2 Nxf1 22. Kxf1 Bxh3+ 
23. Kg1 Kf8 24. B@b4+ Nxb4 25. axb4 P@g2 26. N@f4 gxh1=Q+ 27. Kxh1 B@f5 28. Qf3 
Nxf2+ 29. Qxf2 B@e4+ 30. P@g2 R@g4 31. N@f3 Rxg2 32. Nxg2 Bxg2+ 33. Qxg2 Bxc2 
34. B@f6 P@h3 35. Qg5 N@d2 36. Nxd2 P@g2+ 37. Kg1 P@h6 38. Qxf5 gxf5 39. N@g6+ 
Ke8 40. N@g7+ Kf7 41. Nxh8+ Qxh8 42. R@e7+ Kg8 43. R@e8+ N@f8 44. Rxf8+ Kxf8 
45. Re8+ Kf7 46. N@d8+ Kg6 47. N@f4+ Kh7 48. B@g6# 
{LordPixel checkmated} 1-0

[Event "fics rated crazyhouse match"]
[Site "fics, Oklahoma City, OK USA"]
[Date "2000.03.08"]
[White "Eyefor"]
[WhiteElo "2406"]
[Black "LordPixel"]
[BlackElo "2416"]
[TimeControl "0+1"]
[Result "1-0"]

1. e4 Nf6 2. Nc3 e6 3. e5 Nd5 4. d4 Bb4 5. Bd2 Nxc3 6. bxc3 
N@b2 7. Qb1 Bxc3 8. Bxc3 Na4 9. Qb3 Nxc3 10. Qxc3 P@b4 11. Qxb4 Nc6 
12. Qd2 B@b2 13. N@h5 Bxa1 14. Nxg7+ Kf8 15. B@f6 R@b1+ 16. N@d1 Rxd1+ 17. Qxd1 
Bc3+ 18. P@d2 Bxd2+ 19. Qxd2 N@e4 20. Nxe6+ dxe6 21. P@g7+ Ke8 22. gxh8=Q+ Kd7 
23. Qxd8+ Nxd8 24. R@e7+ Kc6 25. Q@b5# 
{LordPixel checkmated} 1-0

[Event "fics rated crazyhouse match"]
[Site "fics, Oklahoma City, OK USA"]
[Date "2000.03.08"]
[White "LordPixel"]
[WhiteElo "2408"]
[Black "Eyefor"]
[BlackElo "2414"]
[TimeControl "0+1"]
[Result "1-0"]

1. e4 Nf6 2. e5 Nd5 3. d4 Nc6 4. Nf3 e6 5. Bd2 Bb4 6. Bxb4 
Ncxb4 7. a3 Nc6 8. B@g5 B@e7 9. Bxe7 Ncxe7 10. Nbd2 Nc6 11. B@g5 B@e7 
12. Ne4 Bxg5 13. Nfxg5 B@g6 14. Bb5 Bxe4 15. Nxe4 N@f4 16. B@f3 a5 17. B@g5 
Nce7 18. Bxf4 Nxf4 19. N@d6+ cxd6 20. Nxd6+ Kf8 21. Nxb7 Qb6 22. Nd6 N@f5 
23. P@c5 Qa7 24. Bxa8 
{Eyefor forfeits on time} 1-0

[Event "fics rated crazyhouse match"]
[Site "fics, Oklahoma City, OK USA"]
[Date "2000.03.08"]
[White "Eyefor"]
[WhiteElo "2406"]
[Black "LordPixel"]
[BlackElo "2416"]
[TimeControl "0+1"]
[Result "1-0"]

1. e4 Nf6 2. Nc3 e6 3. e5 Nd5 4. d4 Bb4 5. Bd2 Nxc3 6. bxc3 
N@b2 7. Qb1 Bxc3 8. Bxc3 Na4 9. N@b5 Nxc3 10. Nxc3 Nc6 11. N@b5 P@b4 
12. B@g5 bxc3 13. Bxd8 B@d2+ 14. Ke2 Kxd8 15. Q@h4+ g5 16. Qg4 B@h5 17. Nxc3 
Bxg4+ 18. Kxd2 N@a3 19. B@f6+ Ke8 20. Qc1 Nxd4 21. Qxa3 Q@f4+ 22. N@e3 Qxf2+ 
23. Nce2 Qxe3+ 24. Qxe3 N@c4+ 25. Ke1 Nxc2+ 26. Kf2 P@e7 27. Bxe7 Kxe7 28. Qxg5+ 
P@f6 29. exf6+ Kf8 30. Q@e7# 
{LordPixel checkmated} 1-0

[Event "fics rated crazyhouse match"]
[Site "fics, Oklahoma City, OK USA"]
[Date "2000.03.08"]
[White "LordPixel"]
[WhiteElo "2408"]
[Black "Eyefor"]
[BlackElo "2414"]
[TimeControl "0+1"]
[Result "1-0"]

1. e4 Nf6 2. Nc3 d5 3. exd5 Nxd5 4. d4 e6 5. Nxd5 exd5 6. Nf3 
Nc6 7. Be2 P@h3 8. N@f4 hxg2 9. Nxg2 P@h3 10. Nf4 N@g2+ 11. Nxg2 hxg2 
12. Rg1 N@h4 13. N@c3 Nxf3+ 14. Bxf3 N@b4 15. N@e3 Nxc2+ 16. Nxc2 P@e4 17. Bxg2 
Bf5 18. Ne3 Be6 19. P@f5 Bd7 20. N@f4 Nb4 21. P@e6 fxe6 22. fxe6 Nd3+ 
23. Qxd3 Bxe6 24. Qb5+ P@c6 25. Qxb7 Bd7 26. P@e6 Bxe6 27. Nxe6 P@d2+ 28. Bxd2 
Qc8 29. Qxc6+ P@d7 30. Qxa8 Qxa8 31. Nxc7+ Kd8 32. Nxa8 Q@b7 33. B@c7+ Qxc7 
34. N@f7+ Ke8 35. Nxc7+ Kxf7 36. Q@e8+ Kg8 37. P@f7# 
{Eyefor checkmated} 1-0

[Event "fics rated crazyhouse match"]
[Site "fics, Oklahoma City, OK USA"]
[Date "2000.03.08"]
[White "Eyefor"]
[WhiteElo "2406"]
[Black "LordPixel"]
[BlackElo "2416"]
[TimeControl "0+1"]
[Result "0-1"]

1. e4 Nf6 2. e5 Nd5 3. d4 Nc6 4. Nf3 e6 5. Bd2 Bb4 6. Bxb4 
Ncxb4 7. a3 Nc6 8. B@g5 B@e7 9. Bxe7 Ncxe7 10. B@h5 B@a5+ 11. Nbd2 Bxd2+ 
12. Qxd2 g6 13. Bg4 h5 14. Bh3 N@f4 15. Ng5 Nxh3 16. gxh3 B@h6 17. N@c5 
Bxg5 18. Qd1 N@f4 19. B@c1 Nf5 20. Bxf4 Bxf4 21. N@c4 b5 22. Be2 bxc4 
23. Bxc4 B@d2+ 24. Kf1 N@e3+ 25. fxe3 Ndxe3+ 26. Kg1 P@f2+ 27. Kxf2 Nxd1+ 28. Raxd1 
Bfe3+ 29. Ke2 Nxd4+ 30. Kd3 Q@e2+ 31. Ke4 P@f5# 
{Eyefor checkmated} 0-1

[Event "fics rated crazyhouse match"]
[Site "fics, Oklahoma City, OK USA"]
[Date "2000.03.08"]
[White "LordPixel"]
[WhiteElo "2424"]
[Black "Eyefor"]
[BlackElo "2398"]
[TimeControl "0+1"]
[Result "0-1"]

1. e4 Nf6 2. e5 Nd5 3. d4 Nc6 4. Bc4 e6 5. Bxd5 exd5 6. N@g5 
B@a5+ 7. Kf1 Be7 8. Nxf7 Kxf7 9. Qf3+ Kg8 10. P@f7+ Kf8 11. Qxd5 N@b6 
12. Qe4 Kxf7 13. Qf4+ Ke8 14. P@f7+ Kf8 15. Nf3 Nb4 16. Ne1 P@g5 17. Qf5 
d6 18. e6 Nc4 19. Na3 Nxa3 20. bxa3 Nc6 21. N@b3 N@h6 22. Qe4 d5 
23. Qe2 Bc3 24. Nf3 Nf5 25. Bxg5 Bxg5 26. Nxg5 Qxg5 27. B@c5+ N@d6 28. Bxd6+ 
Nxd6 29. N@f3 Qf6 30. P@h6 Qxh6 31. Re1 B@c4 32. Qxc4 Nxc4 33. B@g5 Qg6 
34. Nc5 Qxc2 35. e7+ Kxf7 36. Nxb7 Bxb7 37. P@f6 B@d3+ 38. Kg1 Q@f1+ 39. Rxf1 
N@e2# 
{LordPixel checkmated} 0-1

[Event "fics rated crazyhouse match"]
[Site "fics, Oklahoma City, OK USA"]
[Date "2000.03.08"]
[White "Eyefor"]
[WhiteElo "2407"]
[Black "LordPixel"]
[BlackElo "2415"]
[TimeControl "0+1"]
[Result "0-1"]

1. e4 e6 2. d4 Nc6 3. Be3 d5 4. e5 Nge7 5. Nh3 Nf5 6. Be2 
Nxe3 7. fxe3 Qh4+ 8. Nf2 Nxe5 9. dxe5 Qb4+ 10. Nc3 Qxb2 11. N@a4 Qb4 
12. a3 Qe7 13. N@c5 P@b6 14. Ncd3 P@c4 15. Nf4 B@h4 16. g3 Bg5 17. Nb5 
Bxf4 18. gxf4 N@g2+ 19. Kd2 Nxe3 20. Kxe3 P@g5 21. N@d4 gxf4+ 22. Kd2 P@e3+ 
23. Kc1 exf2 24. Nxa7 Rxa7 25. B@b5+ N@d7 26. P@d6 cxd6 27. Nxb6 P@b2+ 28. Kxb2 
N@e3 29. Bxd7+ Bxd7 30. N@c7+ Kd8 31. Ndxe6+ Bxe6 32. Qd4 Qxc7 33. exd6 c3+ 
34. Kc1 Qxd6 35. P@e7+ Kxe7 36. P@d7 P@b2+ 37. Kb1 bxa1=Q+ 38. Kxa1 Qxa3+ 39. Kb1 
R@a1# 
{Eyefor checkmated} 0-1

[Event "fics rated crazyhouse match"]
[Site "fics, Oklahoma City, OK USA"]
[Date "2000.03.08"]
[White "LordPixel"]
[WhiteElo "2423"]
[Black "Eyefor"]
[BlackElo "2399"]
[TimeControl "0+1"]
[Result "0-1"]

1. e4 e6 2. d4 Nc6 3. Nc3 Bb4 4. a3 Bxc3+ 5. bxc3 Nf6 6. B@g5 
N@a4 7. Bxf6 Qxf6 8. N@b5 Nxc3 9. Nxc3 B@a5 10. Bd2 P@b2 11. e5 Nxe5 
12. dxe5 Qxe5+ 13. Nge2 P@d4 14. N@d3 dxc3 15. Bf4 N@f3+ 16. gxf3 P@d2+ 17. Bxd2 
cxd2+ 18. Qxd2 bxa1=Q+ 19. N@c1 Bxd2+ 20. Kxd2 B@c3+ 21. Nxc3 Qaxc3+ 22. Kd1 R@d2# 
{LordPixel checkmated} 0-1

[Event "fics rated crazyhouse match"]
[Site "fics, Oklahoma City, OK USA"]
[Date "2000.03.08"]
[White "Eyefor"]
[WhiteElo "2408"]
[Black "LordPixel"]
[BlackElo "2414"]
[TimeControl "0+1"]
[Result "0-1"]

1. e4 e6 2. d4 d6 3. Nc3 Nf6 4. Nf3 Be7 5. Be2 Nc6 6. Be3 
Ng4 7. Qd2 e5 8. d5 Nb8 9. h3 Nxe3 10. Qxe3 B@f4 11. Qd3 Bd7 
12. N@a5 Qc8 13. Nc4 h5 14. h4 Bg4 15. a4 Bxf3 16. Bxf3 N@b4 17. Qe2 
Bxh4 18. B@b5+ P@c6 19. Rxh4 cxb5 20. axb5 B@d2+ 21. Kf1 Nxc2 22. Rxf4 exf4 
23. Qxd2 Nxa1 24. Qxf4 R@h1+ 25. B@g1 P@h2 26. Qxh2 Rxh2 27. Bxh2 R@c1+ 28. R@d1 
Q@h1+ 29. B@g1 Rxc3 30. bxc3 N@b6 31. Nxb6 axb6 32. N@g3 Qxg1+ 33. Kxg1 h4 
34. Nf5 B@f8 35. P@e7 Bxe7 36. Nxg7+ Kf8 37. B@f5 P@d7 38. R@c1 Nb3 39. Q@g4 
N@h6 40. Qh5 Nxc1 41. Rxc1 R@g5 42. Bxd7 Qxd7 43. P@c6 Kxg7 44. Qxh6+ Rxh6 
45. cxd7 N@h3+ 46. Kf1 B@c4+ 47. N@e2 Q@h1+ 48. N@g1 Nxg1 49. Bxg1 N@d2+ 50. Ke1 
Nxf3+ 51. gxf3 Rxg1+ 52. Kd2 Ra2+ 53. P@c2 Rxc2+ 54. Kxc2 B@d3+ 55. Kd2 P@e3+ 
56. fxe3 Bxe2 57. P@g5 Rd1+ 58. Kc2 Rxc1+ 59. Kd2 N@b1# 
{Eyefor checkmated} 0-1

[Event "fics rated crazyhouse match"]
[Site "fics, Oklahoma City, OK USA"]
[Date "2000.03.08"]
[White "LordPixel"]
[WhiteElo "2422"]
[Black "Eyefor"]
[BlackElo "2400"]
[TimeControl "0+1"]
[Result "0-1"]

1. e4 e6 2. d4 Nf6 3. e5 Nd5 4. Nf3 Nc6 5. Be2 d6 6. exd6 
Bxd6 7. O-O O-O 8. Nc3 Nxc3 9. bxc3 N@e4 10. P@b2 P@g4 11. Nd2 Nxd2 
12. Bxd2 Bxh2+ 13. Kxh2 N@a4 14. N@c4 P@d5 15. B@b3 Nxc3 16. Bxc3 dxc4 17. Bexc4 
P@b4 18. Bxb4 Nxb4 19. Kh1 Qh4+ 20. P@h2 N@f4 21. P@g3 Qf6 22. gxf4 Qxf4 
23. N@e7+ Kh8 24. N@h5 Qg5 25. Nxc8 Raxc8 26. B@d2 Qxh5 27. Bxb4 B@f4 28. N@g3 
Bxg3 29. fxg3 N@e3 30. Qe2 N@f5 31. Rxf5 Nxf5 32. B@e5 P@f3 33. gxf3 gxf3 
34. Bxg7+ Nxg7 35. Qd2 P@g2+ 36. Qxg2 fxg2+ 37. Kxg2 Q@f3+ 38. Kg1 R@h1# 
{LordPixel checkmated} 0-1

[Event "fics rated crazyhouse match"]
[Site "fics, Oklahoma City, OK USA"]
[Date "2000.03.08"]
[White "Eyefor"]
[WhiteElo "2409"]
[Black "LordPixel"]
[BlackElo "2413"]
[TimeControl "0+1"]
[Result "0-1"]

1. e4 e6 2. d4 Nc6 3. Be3 Nf6 4. Bd3 Bb4+ 5. Nd2 d5 6. e5 
Bxd2+ 7. Bxd2 Nxd4 8. exf6 Qxf6 9. N@b5 Qe5+ 10. B@e3 N@f5 11. Nxd4 Nxd4 
12. N@g4 P@e2 13. Bxe2 Qe4 14. Bxd4 Qxd4 15. N@b5 Qb6 16. P@a5 Qc5 17. Ne5 
N@h4 18. Kf1 B@e4 19. Be3 Bxg2+ 20. Ke1 Qb4+ 21. Bd2 Qc5 22. Nxf7 Kxf7 
23. P@b4 Qe7 24. Nf3 P@e3 25. fxe3 Bxh1 26. Ne5+ Kf8 27. P@d7 R@g1+ 28. Bf1 
Rxf1+ 29. Kxf1 P@g2+ 30. Ke2 B@h5+ 31. R@f3+ Nxf3 32. dxc8=Q+ Rxc8 33. Nxf3 Bxf3+ 
34. Kxf3 g1=Q+ 35. Ke2 P@f3+ 36. Kd3 N@f2+ 37. Kc3 Nxd1+ 38. Kb3 N@c5+ 39. bxc5 
Q@c4+ 40. Ka3 R@a4# 
{Eyefor checkmated} 0-1

[Event "fics rated crazyhouse match"]
[Site "fics, Oklahoma City, OK USA"]
[Date "2000.03.08"]
[White "LordPixel"]
[WhiteElo "2421"]
[Black "Eyefor"]
[BlackElo "2401"]
[TimeControl "0+1"]
[Result "1-0"]

1. e4 Nf6 2. Nc3 d5 3. exd5 Nxd5 4. d4 e6 5. Nxd5 exd5 6. Nf3 
Nc6 7. Be2 P@h3 8. N@f4 hxg2 9. Nxg2 Bb4+ 10. Bd2 N@e4 11. Bxb4 Nxb4 
12. B@a4+ P@c6 13. P@e5 Bf5 14. P@d3 Nxf2 15. Kxf2 P@g4 16. Ke1 gxf3 17. Bxf3 
B@b5 18. Bxb5 cxb5 19. N@c5 N@h4 20. Nxh4 Qxh4+ 21. B@f2 Qh3 22. P@g2 Nxc2+ 
23. Qxc2 N@b4 24. Qd2 Nxd3+ 25. Nxd3 B@h6 26. N@f4 Bxf4 27. Nxf4 Qh6 28. N@d6+ 
cxd6 29. N@c7+ Kd8 30. Nxa8 N@c2+ 31. Kf1 Nxa1 32. B@c7+ Kd7 33. exd6 Rxa8 
34. R@e7+ Kc8 35. Re8+ Kd7 36. Rxa8 R@b1+ 37. R@d1 Rxd1+ 38. Bxd1 N@c6 39. R@d8+ 
Nxd8 40. Rxd8+ Kc6 41. N@b4# 
{Eyefor checkmated} 1-0

[Event "fics rated crazyhouse match"]
[Site "fics, Oklahoma City, OK USA"]
[Date "2000.03.08"]
[White "Eyefor"]
[WhiteElo "2393"]
[Black "LordPixel"]
[BlackElo "2429"]
[TimeControl "0+1"]
[Result "0-1"]

1. d4 e6 2. Nc3 d6 3. e4 Nf6 4. Bb5+ Bd7 5. Bg5 e5 6. Nf3 
Bxb5 7. Bxf6 gxf6 8. Nxb5 a6 9. Nc3 exd4 10. Nxd4 P@e5 11. P@e6 exd4 
12. exf7+ Kxf7 13. B@b3+ P@e6 14. Qxd4 Ke8 15. Bxe6 N@g5 16. P@f7+ Nxf7 17. Bxf7+ 
Kxf7 18. Qd5+ P@e6 19. Qxb7 B@c6 20. Qb3 B@a5 21. N@d4 Bxc3+ 22. bxc3 N@c5 
23. B@h5+ B@g6 24. Nxc6 Nxc6 25. Bxg6+ hxg6 26. N@b7 B@d2+ 27. Kxd2 Nxb3+ 28. axb3 
Qc8 29. Nxd6+ Bxd6 30. P@d5 Q@f4+ 31. B@e3 Qxe4 32. B@f3 exd5 33. Bxe4 dxe4 
34. B@d5+ N@e6 35. Bxc6 P@b4 36. cxb4 Bxb4+ 37. Kc1 P@b2+ 38. Kxb2 B@e5+ 39. P@d4 
Nxd4 40. Q@c4+ Ne6+ 41. P@d4 P@a3+ 42. Kb1 N@c3+ 43. Qxc3 Bxc3 44. N@h6+ Rxh6 
45. dxe5 Q@b2# 
{Eyefor checkmated} 0-1

[Event "fics rated crazyhouse match"]
[Site "fics, Oklahoma City, OK USA"]
[Date "2000.03.08"]
[White "LordPixel"]
[WhiteElo "2436"]
[Black "Eyefor"]
[BlackElo "2386"]
[TimeControl "0+1"]
[Result "1-0"]

1. e4 Nf6 2. Nc3 d5 3. exd5 Nxd5 4. d4 e6 5. Nxd5 exd5 6. Nf3 
Nc6 7. Be2 P@h3 8. N@f4 hxg2 9. Nxg2 Bb4+ 10. Bd2 N@e4 11. Bxb4 Nxb4 
12. B@a4+ P@c6 13. P@a3 Bh3 14. Nf4 Nxf2 15. Kxf2 B@h4+ 16. P@g3 P@g2 17. axb4 
gxh1=Q 18. Qxh1 Be7 19. Nxh3 Bxb4 20. P@a6 R@a5 21. N@f5 Rg8 22. B@g5 Qc8 
23. Nxg7+ Rxg7 24. N@f6+ Kf8 25. P@d7 Qb8 26. axb7 Rxa4 27. bxa8=Q P@e3+ 28. Kf1 
N@d2+ 29. Nxd2 B@g2+ 30. Qxg2 Qxa8 31. R@e8+ Qxe8 32. dxe8=Q# 
{Eyefor checkmated} 1-0

[Event "fics rated crazyhouse match"]
[Site "fics, Oklahoma City, OK USA"]
[Date "2000.03.08"]
[White "Eyefor"]
[WhiteElo "2379"]
[Black "LordPixel"]
[BlackElo "2443"]
[TimeControl "0+1"]
[Result "1-0"]

1. e4 Nf6 2. e5 Nd5 3. d4 Nc6 4. Nf3 e6 5. Bd2 Bb4 6. Bxb4 
Ncxb4 7. a3 Nc6 8. B@g5 B@e7 9. Bxe7 Qxe7 10. B@c5 d6 11. exd6 cxd6 
12. P@b5 dxc5 13. bxc6 B@a5+ 14. N@c3 Bxc3+ 15. Nxc3 Nxc3 16. bxc3 bxc6 17. dxc5 
Qxc5 18. N@c7+ Ke7 19. B@b4 Qxb4 20. axb4 Rd8 21. P@d6+ Rxd6 22. Q@f8+ Kf6 
23. Ne8+ Kf5 24. Nxd6+ Kg6 25. R@g5+ Kh6 26. Nxf7# 
{LordPixel checkmated} 1-0

[Event "fics rated crazyhouse match"]
[Site "fics, Oklahoma City, OK USA"]
[Date "2000.03.08"]
[White "LordPixel"]
[WhiteElo "2434"]
[Black "Eyefor"]
[BlackElo "2388"]
[TimeControl "0+1"]
[Result "0-1"]

1. e4 Nf6 2. Nc3 d5 3. exd5 Nxd5 4. d4 e6 5. Nxd5 exd5 6. Nf3 
Nc6 7. Be2 P@h3 8. N@f4 hxg2 9. Nxg2 Bb4+ 10. Bd2 N@e4 11. Bxb4 Nxb4 
12. B@a4+ P@c6 13. P@e5 Bf5 14. P@d3 Nxf2 15. Kxf2 P@g4 16. Ke1 gxf3 17. Bxf3 
B@b5 18. Bxb5 cxb5 19. N@c5 N@h4 20. Nxh4 Qxh4+ 21. B@f2 Nxc2+ 22. Qxc2 N@e3 
23. Qd2 Qxd4 24. P@d7+ Bxd7 25. Bxe3 Qh4+ 26. Bf2 Qe7 27. Nxb7 Qxe5+ 28. N@e3 
P@e4 29. dxe4 dxe4 30. N@c5 B@b4 31. Qxb4 exf3 32. B@c3 Qxe3+ 33. Bxe3 N@c2+ 
34. Kd1 Nxe3+ 35. Kd2 Nc4+ 36. Kc1 B@e3+ 37. N@d2 Bxc5 38. Q@e4+ P@e5 39. Qxc5 
N@e2+ 40. Qxe2 fxe2 41. Nxc4 Q@f4+ 42. Ne3 P@f2 43. N@d6+ cxd6 44. Nxd6+ Kf8 
45. Kb1 f1=Q+ 46. Nxf1 exf1=Q+ 47. Rxf1 Qxf1+ 48. B@c1 P@c2+ 49. Kxc2 B@d1+ 50. Kb1 
P@c2# 
{LordPixel checkmated} 0-1

[Event "fics rated crazyhouse match"]
[Site "fics, Oklahoma City, OK USA"]
[Date "2000.03.08"]
[White "LordPixel"]
[WhiteElo "2413"]
[Black "Eyefor"]
[BlackElo "2409"]
[TimeControl "0+1"]
[Result "1-0"]

1. e4 e6 2. d4 d6 3. Nc3 Nf6 4. Nf3 Be7 5. Bd3 Nc6 6. Qe2 
e5 7. dxe5 dxe5 8. P@h6 gxh6 9. Bxh6 Nd4 10. Nxd4 Qxd4 11. P@g7 Rg8 
12. N@d5 Nxd5 13. Nxd5 Qxb2 14. Nxc7+ Kd8 15. Nxa8 Qxa1+ 16. R@d1 Bb4+ 17. Kf1 
R@b1 18. P@c7+ Ke7 19. N@d5+ Ke6 20. Rxb1 Qxb1+ 21. R@d1 Qb2 22. Bc4 Bc5 
23. Bc1 P@d3 24. Qxd3 Qd4 25. Qxd4 P@e2+ 26. Bxe2 R@g1+ 27. Rxg1 exd4 28. Q@f5+ 
Kd6 29. P@e5+ Kc6 30. P@b5# 
{Eyefor checkmated} 1-0

[Event "fics rated crazyhouse match"]
[Site "fics, Oklahoma City, OK USA"]
[Date "2000.03.08"]
[White "Eyefor"]
[WhiteElo "2401"]
[Black "LordPixel"]
[BlackElo "2421"]
[TimeControl "0+1"]
[Result "1-0"]

1. d4 e6 2. Nc3 d6 3. e4 Nf6 4. Bb5+ Bd7 5. Bg5 e5 6. Bxf6 
Qxf6 7. Bxd7+ Nxd7 8. Nd5 B@a5+ 9. B@d2 Bxd2+ 10. Qxd2 Qd8 11. dxe5 Nxe5 
12. N@g5 P@c6 13. P@e6 cxd5 14. B@d7+ Nxd7 15. exf7+ Ke7 16. exd5 N@c4 17. Qe2+ 
Nde5 18. N1f3 Nxb2 19. P@e6 P@d3 20. Qe4 Nxf3+ 21. Nxf3 B@c3+ 22. P@d2 B@g6 
23. Qe3 Bxd2+ 24. Qxd2 dxc2 25. N@g8+ Rxg8 26. fxg8=N+ Ke8 27. B@d7+ Qxd7 28. exd7+ 
Kd8 29. R@e8+ Bxe8 30. dxe8=Q+ Kxe8 31. B@f7+ Kd7 32. Q@e6+ Kd8 33. Qe8# 
{LordPixel checkmated} 1-0

[Event "fics rated crazyhouse match"]
[Site "fics, Oklahoma City, OK USA"]
[Date "2000.03.08"]
[White "LordPixel"]
[WhiteElo "2413"]
[Black "Eyefor"]
[BlackElo "2409"]
[TimeControl "0+1"]
[Result "1-0"]

1. e4 e6 2. d4 d5 3. exd5 exd5 4. Bb5+ Bd7 5. Qe2+ Qe7 6. Bxd7+ 
Nxd7 7. Bf4 Qxe2+ 8. Nxe2 Bb4+ 9. Nbc3 Ba5 10. B@h3 Bxc3+ 11. Nxc3 Q@e7+ 
12. P@e6 N@b4 13. Q@e2 fxe6 14. Bxc7 B@c4 15. P@d3 Rc8 16. B@d6 P@f3 17. gxf3 
Bxd3 18. cxd3 P@g2 19. Bxg2 Rxc7 20. Bxe7 Nxe7 21. P@f7+ Kxf7 22. Q@f4+ B@f5 
23. Qxc7 Nxd3+ 24. Qxd3 Bxd3 25. N@d6+ Kf6 26. B@h4+ P@g5 27. R@f7+ Kg6 28. Bxg5 
P@b4 29. Qxd7 bxc3 30. Qxe6+ Kxg5 31. h4+ Kh5 32. N@g3# 
{Eyefor checkmated} 1-0

[Event "fics rated crazyhouse match"]
[Site "fics, Oklahoma City, OK USA"]
[Date "2000.03.08"]
[White "Eyefor"]
[WhiteElo "2401"]
[Black "LordPixel"]
[BlackElo "2421"]
[TimeControl "0+1"]
[Result "1-0"]

1. e4 Nf6 2. Nc3 e6 3. e5 Nd5 4. d4 Bb4 5. Bd2 Nxc3 6. bxc3 
N@b2 7. Qb1 Bxc3 8. Bxc3 Na4 9. Qb3 Nxc3 10. Qxc3 P@b4 11. Qxb4 Nc6 
12. Qd2 B@b2 13. N@h5 Bxa1 14. Nxg7+ Kf8 15. Nxe6+ dxe6 16. B@h6+ N@g7 17. Bxg7+ 
Kxg7 18. P@h6+ Kg8 19. N@f6+ Qxf6 20. exf6 R@b1+ 21. N@d1 Rxd1+ 22. Kxd1 B@h5+ 
23. Ke1 N@e8 24. Q@g5+ Bg6 25. R@e7 Nxe7 26. fxe7 N@e4 27. Qb5 R@d7 28. Qxd7 
{LordPixel forfeits on time} 1-0

[Event "fics rated crazyhouse match"]
[Site "fics, Oklahoma City, OK USA"]
[Date "2000.03.08"]
[White "LordPixel"]
[WhiteElo "2413"]
[Black "Eyefor"]
[BlackElo "2409"]
[TimeControl "0+1"]
[Result "0-1"]

1. e4 Nf6 2. Nc3 e6 3. e5 Nd5 4. d4 Bb4 5. Bd2 Nxc3 6. bxc3 
N@b2 7. Qb1 Bxc3 8. Bxc3 Na4 9. N@b5 P@a6 10. B@g5 Nxc3 11. Bxd8 B@d2+ 
12. Kxd2 Nxb1+ 13. Rxb1 Kxd8 14. B@g5+ f6 15. N@f7+ Ke7 16. exf6+ gxf6 17. P@g7 
Rg8 18. Nxc7 B@a5+ 19. Kc1 Q@e1+ 20. Kb2 Bc3+ 21. Ka3 P@b4+ 22. Ka4 Qxb1 
23. Q@b3 Qxb3+ 24. Kxb3 Q@b1+ 25. P@b2 Qxb2+ 26. Kc4 fxg5 27. Nxg5 Qxc2 28. Q@e2 
Bd2+ 29. P@c3 Qxc3# 
{LordPixel checkmated} 0-1

[Event "fics rated crazyhouse match"]
[Site "fics, Oklahoma City, OK USA"]
[Date "2000.03.08"]
[White "LordPixel"]
[WhiteElo "2413"]
[Black "Eyefor"]
[BlackElo "2409"]
[TimeControl "0+1"]
[Result "0-1"]

1. e4 Nf6 2. Nc3 d5 3. exd5 Nxd5 4. Nf3 e6 5. d4 Nxc3 6. bxc3 
N@e4 7. P@b2 Nxf2 8. Kxf2 P@e4 9. Ng5 Qf6+ 10. Ke2 P@f5 11. N@e5 Be7 
12. N@b5 Na6 13. Nexf7 Rf8 14. Ne5 Qxg5 15. Bxg5 Bxg5 16. Q@h5+ N@f7 17. Nxf7 
B@g4+ 18. Qxg4 fxg4 19. N@d6+ cxd6 20. Nfxd6+ Kd8 21. B@a5+ b6 22. Bxb6+ axb6 
23. P@c7+ Nxc7 24. P@e7+ Bxe7 25. P@f2 Rxf2+ 26. Kxf2 Q@f4+ 27. R@f3 B@e3+ 28. Ke2 
gxf3+ 29. gxf3 Qxf3+ 30. Ke1 P@f2# 
{LordPixel checkmated} 0-1